| TOP OF THE 1ST |
|
Montgomery Rebels batting - Pitching for Birmingham Barons : RHP Eli Umana
|
|
Pitching: RHP Eli Umana
|
|
|
Batting: LHB Chris Stropolo
|
0-0: Ball 1-0: Ball 2-0: Called Strike 2-1: Foul Ball, location: 2F 2-2: Foul Ball, location: 2F 2-2: Foul Ball, location: 2F 2-2: Ball 3-2: Ground out 6-3 (Groundball, 6, EV 88.1 MPH)
|
|
Batting: SHB Mike Thorpe
|
0-0: Called Strike 0-1: Fly out, F8 (Line Drive, 8RM, EV 90.0 MPH)
|
|
Batting: LHB Greg Brock
|
0-0: Ball 1-0: Swinging Strike 1-1: Ground out 4-3 (Groundball, 4S, EV 65.6 MPH)
|
| Top of the 1st over - 0 runs, 0 hits, 0 errors, 0 left on base; Montgomery 0 - Birmingham 0 |
| BOTTOM OF THE 1ST |
|
Birmingham Barons batting - Pitching for Montgomery Rebels : LHP Tim Birtsas
|
|
Pitching: LHP Tim Birtsas
|
|
|
Batting: RHB Bob Bathe
|
0-0: Called Strike 0-1: Foul Ball, location: 2F 0-2: Foul Ball, location: 2F 0-2: Foul Ball, location: 2F 0-2: Ball 1-2: Ball 2-2: Ball 3-2: Fly out, F6 (Popup, 15S, EV 94.4 MPH)
|
|
Batting: LHB Vernon Ramie
|
0-0: Ball 1-0: Ball 2-0: Ball 3-0: Called Strike 3-1: Swinging Strike 3-2: Base on Balls
|
|
Batting: RHB Tim Hulett
|
0-0: Called Strike 0-1: Ball 1-1: Ball 2-1: Ball 3-1: Base on Balls Vernon Ramie to second
|
|
Batting: RHB Bill R Moore
|
0-0: Ball 1-0: Foul Ball, location: 2F 1-1: Swinging Strike 1-2: Strikes out looking
|
|
Batting: LHB Joe Szekely
|
0-0: Fielders Choice at 2nd, U6 (Groundball, 6M, EV 94.4 MPH)
|
| Bottom of the 1st over - 0 runs, 0 hits, 0 errors, 2 left on base; Montgomery 0 - Birmingham 0 |
| TOP OF THE 2ND |
|
Montgomery Rebels batting - Pitching for Birmingham Barons : RHP Eli Umana
|
|
Batting: LHB Dwayne Murphy
|
0-0: Fly out, F8 (Flyball, 8LM, EV 71.9 MPH)
|
|
Batting: RHB Roberto Palacios
|
0-0: Ball 1-0: Ball 2-0: Ball 3-0: Called Strike 3-1: Foul Ball, location: 2F 3-2: SINGLE (Line Drive, 7S, EV 100.0 MPH)
|
|
Batting: SHB Arthur Fischetti
|
0-0: Foul Ball, location: 2F 0-1: Ball 1-1: Ball 2-1: Foul Ball, location: 2F 2-2: Fly out, F8 (Flyball, 8RXD, EV 100.0 MPH)
|
|
Batting: RHB Glenn Williams
|
0-0: Fly out, F9 (Flyball, 9LD, EV 99.4 MPH)
|
| Top of the 2nd over - 0 runs, 1 hit, 0 errors, 1 left on base; Montgomery 0 - Birmingham 0 |
| BOTTOM OF THE 2ND |
|
Birmingham Barons batting - Pitching for Montgomery Rebels : LHP Tim Birtsas
|
|
Batting: RHB Daniel Johnson
|
0-0: Ground out 6-3 (Groundball, 6, EV 82.5 MPH)
|
|
Batting: RHB Jim Wilson
|
0-0: Ball 1-0: Ball 2-0: Called Strike 2-1: Ball 3-1: Base on Balls
|
|
Batting: SHB Giampietro Pasquetto
|
0-0: Ball 1-0: Ground out 6-3 (Groundball, 6S, EV 68.1 MPH) Jim Wilson to second
|
|
Batting: RHB Rod Johnson
|
0-0: Called Strike 0-1: Ball 1-1: Ball 2-1: Swinging Strike 2-2: Foul Ball, location: 2F 2-2: Ground out 6-3 (Groundball, 6MD, EV 110.6 MPH)
|
| Bottom of the 2nd over - 0 runs, 0 hits, 0 errors, 1 left on base; Montgomery 0 - Birmingham 0 |
| TOP OF THE 3RD |
|
Montgomery Rebels batting - Pitching for Birmingham Barons : RHP Eli Umana
|
|
Batting: RHB Jeff Schumaker
|
0-0: Foul Ball, location: 2F 0-1: Swinging Strike 0-2: Foul Ball, location: 2F 0-2: Ground out 6-3 (Groundball, 6D, EV 83.1 MPH)
|
|
Batting: RHB Mike Colbern
|
0-0: Called Strike 0-1: Ball 1-1: DOUBLE (Groundball, 5L, EV 100.0 MPH)
|
|
Batting: LHB Chris Stropolo
|
0-0: Ball 1-0: Called Strike 1-1: Ball 2-1: Swinging Strike 2-2: Ball 3-2: Strikes out swinging
|
|
Batting: SHB Mike Thorpe
|
0-0: Ground out 6-3 (Groundball, 6, EV 87.5 MPH)
|
| Top of the 3rd over - 0 runs, 1 hit, 0 errors, 1 left on base; Montgomery 0 - Birmingham 0 |
| BOTTOM OF THE 3RD |
|
Birmingham Barons batting - Pitching for Montgomery Rebels : LHP Tim Birtsas
|
|
Batting: RHB Bob Bathe
|
0-0: Ball 1-0: Fly out, F6 (Flyball, 56D, EV 82.5 MPH)
|
|
Batting: LHB Vernon Ramie
|
0-0: Ball 1-0: Foul Ball, location: 2F 1-1: Ball 2-1: Called Strike 2-2: Ball 3-2: Base on Balls
|
|
Batting: RHB Tim Hulett
|
0-0: Foul Ball, location: 2F 0-1: Ball 1-1: SINGLE (Flyball, 8RS, EV 98.1 MPH) Vernon Ramie to second Runner from 2nd tries for 3rd, SAFE, no throw by CF
|
|
Batting: RHB Bill R Moore
|
0-0: Swinging Strike 0-1: Grounds into double play, 6-4-3 (Groundball, 6, EV 85.0 MPH)
|
| Bottom of the 3rd over - 0 runs, 1 hit, 0 errors, 1 left on base; Montgomery 0 - Birmingham 0 |
| TOP OF THE 4TH |
|
Montgomery Rebels batting - Pitching for Birmingham Barons : RHP Eli Umana
|
|
Batting: LHB Greg Brock
|
0-0: Foul Ball, location: 2F 0-1: Called Strike 0-2: Ball 1-2: Ball 2-2: Ball 3-2: Ground out 4-3 (Groundball, 4, EV 100.0 MPH)
|
|
Batting: LHB Dwayne Murphy
|
0-0: Foul Ball, location: 2F 0-1: Swinging Strike 0-2: Foul Ball, location: 2F 0-2: Strikes out swinging
|
|
Batting: RHB Roberto Palacios
|
0-0: Called Strike 0-1: Swinging Strike 0-2: Ball 1-2: Strikes out looking
|
| Top of the 4th over - 0 runs, 0 hits, 0 errors, 0 left on base; Montgomery 0 - Birmingham 0 |
| BOTTOM OF THE 4TH |
|
Birmingham Barons batting - Pitching for Montgomery Rebels : LHP Tim Birtsas
|
|
Batting: LHB Joe Szekely
|
0-0: Called Strike 0-1: Ball 1-1: Ball 2-1: Swinging Strike 2-2: Ball 3-2: Foul Ball, location: 2F 3-2: Base on Balls
|
|
Batting: RHB Daniel Johnson
|
0-0: Ball 1-0: Called Strike 1-1: SINGLE (Groundball, 56D, EV 96.3 MPH) Joe Szekely to second
|
|
Batting: RHB Jim Wilson
|
0-0: Ball 1-0: Foul Ball, location: 2F 1-1: Grounds into double play, 6-4-3 (Groundball, 6, EV 106.9 MPH) Joe Szekely to third
|
|
Batting: SHB Giampietro Pasquetto
|
0-0: Ball 1-0: Ball 2-0: Swinging Strike 2-1: Foul Ball, location: 2F 2-2: Ball 3-2: Strikes out swinging
|
| Bottom of the 4th over - 0 runs, 1 hit, 0 errors, 1 left on base; Montgomery 0 - Birmingham 0 |
| TOP OF THE 5TH |
|
Montgomery Rebels batting - Pitching for Birmingham Barons : RHP Eli Umana
|
|
Batting: SHB Arthur Fischetti
|
0-0: Called Strike 0-1: Ball 1-1: Ball 2-1: Ball 3-1: Foul Ball, location: 2F 3-2: SOLO HOME RUN (Flyball, 9D, EV 104.4 MPH), Distance : 355 ft
|
|
Batting: RHB Glenn Williams
|
0-0: TRIPLE (Line Drive, 9LD, EV 114.4 MPH)
|
|
Batting: RHB Jeff Schumaker
|
0-0: Called Strike 0-1: Called Strike 0-2: Ball 1-2: Ball 2-2: Foul Ball, location: 2F 2-2: Strikes out swinging
|
|
Batting: RHB Mike Colbern
|
0-0: Hit by Pitch
|
|
Batting: LHB Chris Stropolo
|
0-0: Ball 1-0: Foul Ball, location: 2F 1-1: Ball 2-1: Foul Ball, location: 2F 2-2: Foul Ball, location: 2F 2-2: Foul Ball, location: 2F 2-2: Fly out, F9 (Flyball, 9, EV 88.8 MPH)
|
|
Batting: SHB Mike Thorpe
|
0-0: Foul Ball, location: 2F 0-1: Ball 1-1: Ball 2-1: Ball 3-1: Fly out, F8 (Line Drive, 8LD, EV 93.1 MPH)
|
| Top of the 5th over - 1 run, 2 hits, 0 errors, 2 left on base; Montgomery 1 - Birmingham 0 |
| BOTTOM OF THE 5TH |
|
Birmingham Barons batting - Pitching for Montgomery Rebels : LHP Tim Birtsas
|
|
Batting: RHB Rod Johnson
|
0-0: Called Strike 0-1: Ground out 6-3 (Groundball, 6, EV 103.1 MPH)
|
|
Batting: RHB Bob Bathe
|
0-0: Ball 1-0: Foul Ball, location: 2F 1-1: Ball 2-1: Foul Ball, location: 2F 2-2: Fly out, F7 (Flyball, 7LS, EV 88.1 MPH)
|
|
Batting: LHB Vernon Ramie
|
0-0: Ball 1-0: Ball 2-0: Called Strike 2-1: Called Strike 2-2: Ball 3-2: Base on Balls
|
|
Batting: RHB Tim Hulett
|
0-0: Swinging Strike 0-1: TRIPLE (Line Drive, 78XD, EV 103.8 MPH) Vernon Ramie scores
|
|
Batting: RHB Bill R Moore
|
0-0: Ball 1-0: Ball 2-0: Ball 3-0: Base on Balls
|
|
Batting: LHB Joe Szekely
|
0-0: Ball 1-0: Ball 2-0: Ball 3-0: Called Strike 3-1: Base on Balls Bill R Moore to second
|
|
Batting: RHB Daniel Johnson
|
0-0: Fly out, F8 (Line Drive, 8RM, EV 85.6 MPH)
|
| Bottom of the 5th over - 1 run, 1 hit, 0 errors, 3 left on base; Montgomery 1 - Birmingham 1 |
| TOP OF THE 6TH |
|
Montgomery Rebels batting - Pitching for Birmingham Barons : RHP Eli Umana
|
|
Batting: LHB Greg Brock
|
0-0: Called Strike 0-1: Ball 1-1: Foul Ball, location: 2F 1-2: Foul Ball, location: 2F 1-2: Ball 2-2: Ball 3-2: Foul Ball, location: 2F 3-2: Base on Balls
|
|
Batting: LHB Dwayne Murphy
|
0-0: Fielders Choice at 2nd, 4-6 (Groundball, 4MD, EV 84.4 MPH)
|
|
Batting: RHB Roberto Palacios
|
0-0: Grounds into double play, 5-4-3 (Groundball, 56, EV 82.5 MPH)
|
| Top of the 6th over - 0 runs, 0 hits, 0 errors, 0 left on base; Montgomery 1 - Birmingham 1 |
| BOTTOM OF THE 6TH |
|
Birmingham Barons batting - Pitching for Montgomery Rebels : LHP Tim Birtsas
|
|
Batting: RHB Jim Wilson
|
0-0: Foul Ball, location: 2F 0-1: Ball 1-1: SINGLE (Line Drive, 9S, EV 106.3 MPH)
|
|
Batting: SHB Giampietro Pasquetto
|
0-0: Ball 1-0: Bunted foul 1-1: Ball 2-1: Bunted foul 2-2: Foul Ball, location: 2F 2-2: Foul Ball, location: 2F 2-2: Ball 3-2: Foul Ball, location: 2F 3-2: Foul Ball, location: 2F 3-2: Fly out, F8 (Line Drive, 8LD, EV 94.4 MPH)
|
|
Batting: RHB Rod Johnson
|
0-0: Called Strike 0-1: Swinging Strike 0-2: Ball 1-2: Ball 2-2: Foul Ball, location: 2F 2-2: Ball 3-2: Foul Ball, location: 2F 3-2: Strikes out swinging
|
|
Batting: RHB Bob Bathe
|
0-0: Swinging Strike 0-1: Ball 1-1: Ball 2-1: Called Strike 2-2: Ball 3-2: Ground out 5-3 (Groundball, 56S, EV 83.1 MPH)
|
| Bottom of the 6th over - 0 runs, 1 hit, 0 errors, 1 left on base; Montgomery 1 - Birmingham 1 |
| TOP OF THE 7TH |
|
Montgomery Rebels batting - Pitching for Birmingham Barons : RHP Eli Umana
|
|
Batting: SHB Arthur Fischetti
|
0-0: Foul Ball, location: 2F 0-1: Foul Ball, location: 2F 0-2: Ball 1-2: Foul Ball, location: 2F 1-2: Foul Ball, location: 2F 1-2: Ball 2-2: Ball 3-2: Foul Ball, location: 2F 3-2: Ground out 2-3 (Groundball, 2L, EV 61.9 MPH)
|
|
Batting: RHB Glenn Williams
|
0-0: Called Strike 0-1: Swinging Strike 0-2: Ball 1-2: Ball 2-2: Ball 3-2: Foul Ball, location: 2F 3-2: Strikes out swinging
|
|
Batting: RHB Jeff Schumaker
|
0-0: Called Strike 0-1: Ball 1-1: Called Strike 1-2: Ball 2-2: Foul Ball, location: 2F 2-2: Ball 3-2: Foul Ball, location: 2F 3-2: Strikes out swinging
|
| Top of the 7th over - 0 runs, 0 hits, 0 errors, 0 left on base; Montgomery 1 - Birmingham 1 |
| BOTTOM OF THE 7TH |
|
Birmingham Barons batting - Pitching for Montgomery Rebels : LHP Tim Birtsas
|
|
Batting: LHB Vernon Ramie
|
0-0: Called Strike 0-1: Ball 1-1: Foul Ball, location: 2F 1-2: Ball 2-2: Ball 3-2: Base on Balls
|
|
Batting: RHB Tim Hulett
|
0-0: Fly out, F8 (Flyball, 89M, EV 84.4 MPH)
|
|
Batting: RHB Bill R Moore
|
0-0: Ball 1-0: Called Strike 1-1: Swinging Strike 1-2: Strikes out looking
|
|
Batting: LHB Joe Szekely
|
0-0: Called Strike 0-1: Called Strike 0-2: Foul Ball, location: 2F 0-2: Ball 1-2: Ball 2-2: Ball Passed Ball! Vernon Ramie to second 3-2: 2-RUN HOME RUN (Flyball, 9D, EV 106.9 MPH), Distance : 380 ft
|
|
Batting: RHB Daniel Johnson
|
0-0: Fly out, F8 (Flyball, 8RS, EV 77.5 MPH)
|
| Bottom of the 7th over - 2 runs, 1 hit, 0 errors, 0 left on base; Montgomery 1 - Birmingham 3 |
| TOP OF THE 8TH |
|
Montgomery Rebels batting - Pitching for Birmingham Barons : RHP Eli Umana
|
|
Batting: RHB Mike Colbern
|
0-0: Ground out 6-3 (Groundball, 56, EV 107.5 MPH)
|
|
Batting: LHB Chris Stropolo
|
0-0: Ball 1-0: Ball 2-0: Ball 3-0: Foul Ball, location: 2F 3-1: Base on Balls
|
|
Batting: SHB Mike Thorpe
|
0-0: Ball 1-0: Foul Ball, location: 2F 1-1: Fielders Choice at 2nd, 6-4 (Groundball, 6, EV 85.6 MPH)
|
|
Batting: LHB Greg Brock
|
0-0: Ball 1-0: Foul Ball, location: 2F 1-1: Ball 2-1: Foul Ball, location: 2F 2-2: SINGLE (Line Drive, 9S, EV 87.5 MPH) Mike Thorpe to second Runner from 2nd tries for 3rd, SAFE, throw by RF made to third
|
|
Batting: LHB Dwayne Murphy
|
0-0: Ball 1-0: Ball 2-0: Fly out, F9 (Flyball, 9LD, EV 105.0 MPH)
|
| Top of the 8th over - 0 runs, 1 hit, 0 errors, 2 left on base; Montgomery 1 - Birmingham 3 |
| BOTTOM OF THE 8TH |
|
Birmingham Barons batting - Pitching for Montgomery Rebels : LHP Tim Birtsas
|
|
Batting: RHB Jim Wilson
|
0-0: Ball 1-0: Swinging Strike 1-1: SINGLE (Groundball, 6M, EV 106.9 MPH) (infield hit)
|
|
Batting: SHB Giampietro Pasquetto
|
0-0: Sac Bunt to 13 - play at first, batter OUT! 1-3 Jim Wilson to second
|
|
Batting: RHB Rod Johnson
|
0-0: Ball Wild Pitch! Jim Wilson to third 1-0: Fly out, F7 (Flyball, 7LS, EV 93.8 MPH)
|
|
Batting: RHB Bob Bathe
|
0-0: Ball 1-0: Foul Ball, location: 2F 1-1: Swinging Strike 1-2: Ball 2-2: Ball 3-2: Foul Ball, location: 2F 3-2: Base on Balls
|
|
Batting: LHB Vernon Ramie
|
0-0: Ball 1-0: Ball 2-0: SINGLE (Groundball, 4MD, EV 105.0 MPH) Jim Wilson scores Bob Bathe to second
|
|
Batting: RHB Tim Hulett
|
0-0: Ball 1-0: Swinging Strike 1-1: Foul Ball, location: 2F 1-2: Fielders Choice at 2nd, 6-4 (Groundball, 56, EV 88.1 MPH)
|
| Bottom of the 8th over - 1 run, 2 hits, 0 errors, 2 left on base; Montgomery 1 - Birmingham 4 |
| TOP OF THE 9TH |
|
Montgomery Rebels batting - Pitching for Birmingham Barons : RHP Eli Umana
|
|
Batting: RHB Roberto Palacios
|
0-0: Called Strike 0-1: Called Strike 0-2: Ground out 6-3 (Groundball, 6, EV 86.9 MPH)
|
|
Batting: SHB Arthur Fischetti
|
0-0: Foul Ball, location: 2F 0-1: Called Strike 0-2: Ground out 5-3 (Groundball, 56S, EV 66.3 MPH)
|
|
Batting: RHB Glenn Williams
|
0-0: Called Strike 0-1: Ball 1-1: Ball 2-1: Foul Ball, location: 2F 2-2: Ball 3-2: Base on Balls
|
|
Pitching: LHP Mark Moore
|
|
|
Batting: RHB Jeff Schumaker
|
0-0: Called Strike 0-1: Ball 1-1: Ball 2-1: Ball 3-1: Foul Ball, location: 2F 3-2: Base on Balls Glenn Williams to second
|
|
Pinch Hitting: RHB Nate Tria
|
0-0: Called Strike 0-1: Called Strike 0-2: Strikes out looking
|
| Top of the 9th over - 0 runs, 0 hits, 0 errors, 2 left on base; Montgomery 1 - Birmingham 4 |
|